AoeStats
← KootH.

African Clearing

506889081Analyzed
4v4 RM · 16d ago on Sep 15, 2026· 46m 15s· 8 players
Game mode
Random Map
Map size
Large (8 player)
Population
200
Speed
Normal
Resources
Standard
Victory
Conquest
Starting age
Dark Age
Ending age
Imperial Age
RankedLock teamsTeams togetherTeam positionsShared explorationLock speedFull tech treeHidden civsTurbo modeCheats
Victory
Defeat
🇦🇷 Slavs · Argentina
1398
+15
🇨🇳 Spanish · China
1387
+16
🇧🇷 Tatars · Brazil
1326
+18
🇬🇧 Persians · United Kingdom
1323
+18
🇨🇴 Magyars · Colombia
1425
-18
🇩🇪 Wu · Germany
1375
-17
🇲🇦 Khmer · Morocco
1358
-16
🇺🇸 Byzantines · United States
1353
-16
KootH.
4:01 Loom
13:36 Feudal Age
14:25 Double-Bit Axe
23:47 Castle Age
23:54 Castle Age
27:35 Horse Collar
28:13 Fletching
29:08 Bodkin Arrow
30:10 Scale Barding Armor
31:09 Bloodlines
30:59 Husbandry
35:45 Padded Archer Armor
39:25 Ballistics
40:16 Husbandry
44:01 Leather Archer Armor
SLAMCOW
5:24 Loom
14:14 Feudal Age
16:58 Double-Bit Axe
22:05 Castle Age
25:49 Wheelbarrow
25:27 Bow Saw
28:45 Hand Cart
30:23 Fletching
31:44 Husbandry
32:26 Bodkin Arrow
32:35 Padded Archer Armor
32:00 Elite Skirmisher
34:20 Scale Barding Armor
43:50 Forging
wayneid
4:29 Loom
13:58 Feudal Age
17:41 Castle Age
16:18 Double-Bit Axe
19:59 Bow Saw
21:29 Stone Mining
25:09 Horse Collar
27:40 Wheelbarrow
35:37 Imperial Age
33:24 Hand Cart
33:47 Gold Mining
36:56 Conscription
35:57 Elite Ballista Elephant
36:56 Bloodlines
38:21 Gold Shaft Mining
39:37 Chemistry
39:27 Husbandry
39:34 Scale Barding Armor
40:55 Chain Barding Armor
41:25 Double Crossbow
44:37 Theocracy
44:13 Town Watch
44:49 Siege Engineers
45:10 Light Cavalry
45:49 Hussar
Heiner
4:58 Loom
13:31 Feudal Age
18:08 Castle Age
16:33 Fletching
16:46 Padded Archer Armor
16:34 Double-Bit Axe
19:01 Bodkin Arrow
21:35 Gold Mining
35:40 Leather Archer Armor
Caga Mole
10:24 Loom
12:50 Feudal Age
17:33 Castle Age
18:34 Fletching
25:58 Padded Archer Armor
25:56 Bodkin Arrow
26:48 Horse Collar
28:08 Padded Archer Armor
30:07 Ballistics
33:38 Double-Bit Axe
33:53 Heavy Plow
36:10 Gold Mining
36:11 Stone Mining
36:32 Bow Saw
36:33 Husbandry
37:16 Bloodlines
38:49 Wheelbarrow
37:59 Town Watch
38:16 Heavy Plow
40:14 Gold Shaft Mining
40:24 Hand Cart
40:34 Guard Tower
45:10 Imperial Age
43:46 Town Patrol
44:25 Light Cavalry
45:11 Scale Barding Armor
45:23 Leather Archer Armor
45:15 Scale Barding Armor
45:21 Forging
45:21 Heavy Cavalry Archer
46:02 Bracer
46:39 Ring Archer Armor
45:38 Hussar
Luca
3:30 Loom
4:40 Loom
13:04 Feudal Age
14:00 Double-Bit Axe
21:18 Castle Age
22:25 Bow Saw
22:12 Town Watch
23:02 Wheelbarrow
25:10 Fletching
34:32 Imperial Age
32:56 Horse Collar
33:55 Scale Barding Armor
34:01 Forging
34:11 Bloodlines
34:07 Husbandry
38:06 Light Cavalry
39:16 Hand Cart
40:09 Chain Barding Armor
40:25 Iron Casting
40:51 Onager
45:24 Plate Barding Armor
45:50 Blast Furnace
45:14 Hussar
elchinaleikazo
3:24 Loom
4:52 Loom
15:40 Feudal Age
19:34 Castle Age
18:40 Horse Collar
20:10 Bloodlines
25:41 Town Watch
26:09 Scale Barding Armor
28:01 Stone Mining
29:09 Wheelbarrow
29:16 Husbandry
33:18 Hand Cart
36:21 Imperial Age
34:49 Chain Barding Armor
35:07 Forging
36:56 Iron Casting
36:34 Cavalier
40:40 Plate Barding Armor
45:30 Blast Furnace
Ren
12:14 Loom
14:02 Feudal Age
17:59 Castle Age
16:19 Double-Bit Axe
16:55 Gold Mining
17:05 Horse Collar
19:00 Wheelbarrow
18:56 Bow Saw
22:19 Padded Archer Armor
23:39 Town Watch
27:57 Heavy Plow
31:38 Leather Archer Armor
32:21 Husbandry
35:10 Imperial Age
33:15 Fletching
34:35 Scale Barding Armor
35:25 Hand Cart
35:13 Cavalier
36:05 Bloodlines
36:17 Chain Barding Armor
36:19 Conscription
36:11 Forging
37:56 Plate Barding Armor
37:32 Stone Mining
38:45 Iron Casting
38:15 Paladin
40:43 Blast Furnace
39:40 Bodkin Arrow
40:34 Bracer
41:17 Guilds
43:52 Two-Man Saw
43:22 Town Patrol
45:04 Scale Mail Armor
44:26 Pikeman
45:06 Squires
44:32 Elite Conquistador
45:41 Supremacy
44:59 Capped Ram
Connection lost

Rejoining the realm…

Still unreachable

The connection could not be restored.

Session expired

The server has moved on; the page needs a fresh start.